 Dungeon Crawl Stone Soup version 0.17.0 (webtiles) character file.

334219 RKaid the Tortoise (level 21, -8/123 HPs)
             Began as a Gargoyle Monk on Nov 6, 2015.
             Was the Champion of Cheibriados.
             Mangled by a white very ugly thing (51 damage)
             ... on level 3 of the Depths on Nov 7, 2015.
             The game lasted 05:50:29 (55593 turns).

RKaid the Tortoise (Gargoyle Monk)                 Turns: 55593, Time: 05:50:29

Health: -8/123     AC: 54    Str: 39    XL:     21   Next: 83%
Magic:  22/30      EV: 15    Int: 39    God:    Cheibriados [******]
Gold:   2476       SH: 23    Dex: 30    Spells: 8 memorised, 20 levels left

rFire  + . .     SeeInvis .     a - +9 eveningstar (crush)
rCold  . . .     Clarity  .     e - +5 pearl dragon armour {rN+}
rNeg   + + .     SustAt   .     U - +5 shield "Goisee" {Dex+3}
rPois  ∞         Gourm    .     X - +2 hat {MR+}
rElec  +         Spirit   .     q - +2 cloak
rCorr  .         Warding  .     F - +2 pair of gloves {archery}
rMut   .         Stasis   .     V - +2 pair of boots
MR     ++...                    R - amulet of Manil {Regen+ Str+10}
Stlth  +.........               T - ring of Arrival {rPois AC+3 Int+2}
                                m - ring of protection from fire

@: about to teleport, flying, regenerating, repel missiles, very slow, very
resistant to hostile enchantments, very unstealthy
A: big wings, frail 1, low mp 1, negative energy resistance 1, electricity
resistance, unbreathing, petrification resistance, rot immunity, AC +15
a: Stop Flying, Bend Time, Temporal Distortion, Slouch, Step From Time, Renounce
Religion
}: 2/15 runes: decaying, gossamer


You were on level 3 of the Depths.
You worshipped Cheibriados.
Cheibriados was exalted by your worship.
You were not hungry.

You visited 8 branches of the dungeon, and saw 41 of its levels.
You visited the Abyss 3 times.
You visited 1 bazaar.
You also visited: Sewer and Ice Cave.

You collected 4548 gold pieces.
You spent 2072 gold pieces at shops.

Inventory:

Hand Weapons
 a - a +9 eveningstar of crushing (weapon)
 b - a +0 hand crossbow of flaming
Missiles
 g - 333 bolts
 t - a javelin of returning
 O - 24 silver bolts
 W - 2 javelins (quivered)
 Y - 16 bolts of penetration
Armour
 e - a +5 pearl dragon armour (worn) {rN+}
 q - a +2 cloak (worn)
 F - a +2 pair of gloves of archery (worn)
 H - a +1 shield of fire resistance
 M - a +3 plate armour of fire resistance
 U - the +5 shield "Goisee" (worn) {Dex+3}
   (You took it off Donald on level 3 of the Swamp)

   It affects your dexterity (+3).
 V - a +2 pair of boots (worn)
 X - a +2 hat of magic resistance (worn)
Jewellery
 c - an uncursed amulet of resist mutation
 m - a ring of protection from fire (left hand)
 n - an uncursed amulet of warding
 o - a +6 ring of intelligence
 P - an uncursed amulet of resist corrosion
 Q - an uncursed ring of see invisible
 R - the amulet of Manil (around neck) {Regen+ Str+10}
   (You bought it in a shop on level 2 of the Elven Halls)

   [amulet of regeneration]

   It affects your strength (+10).
   It increases your rate of regeneration.
 T - the ring of Arrival (right hand) {rPois AC+3 Int+2}
   (You bought it in a shop on level 2 of the Elven Halls)

   [ring of protection]

   It affects your AC (+3).
   It affects your intelligence (+2).
   It protects you from poison.
Wands
 E - a wand of teleportation (3)
 I - a wand of invisibility (2)
 K - a wand of teleportation (6)
 L - a wand of digging (9)
Scrolls
 i - 11 scrolls of identify
 j - 7 scrolls of fog
 l - 21 scrolls of remove curse
 p - 6 scrolls of fear
 y - a scroll of teleportation
 B - 3 scrolls of summoning
 J - 10 scrolls of recharging
 N - 5 scrolls of magic mapping
 Z - a scroll of blinking
Potions
 d - 3 potions of invisibility
 r - 9 potions of curing
 s - 4 potions of magic
 v - 4 potions of brilliance
 w - a potion of heal wounds
 A - 6 potions of resistance
 G - 3 potions of agility
 S - 5 potions of might
Comestibles
 f - 16 bread rations
 D - 17 meat rations


   Skills:
 + Level 16.3 Fighting
 + Level 17.3 Maces & Flails
 - Level 10.0 Crossbows
 - Level 4.0 Throwing
 - Level 17.9 Armour
 - Level 4.3 Dodging
 - Level 2.1 Stealth
 - Level 15.4 Shields
 - Level 4.0 Unarmed Combat
 + Level 9.2 Spellcasting
 - Level 4.9 Conjurations
 - Level 3.2 Charms
 - Level 2.3 Summonings
 - Level 2.0 Necromancy
 - Level 8.7 Translocations
 - Level 2.2 Air Magic
 - Level 12.1 Invocations


You had 20 spell levels left.
You knew the following spells:

 Your Spells              Type           Power        Failure   Level  Hunger
a - Magic Dart            Conj           ####         1%          1    None
b - Gell's Gravitas       Hex/Tloc       ######....   1%          3    None
A - Apportation           Tloc           ######....   1%          1    None
B - Summon Butterflies    Summ           #####...     1%          1    None
C - Repel Missiles        Chrm/Air       #####.       1%          2    None
D - Shroud of Golubria    Chrm/Tloc      ######....   1%          2    None
E - Regeneration          Chrm/Necr      #####.....   4%          3    None
F - Phase Shift           Tloc           ######....   2%          5    ##.....


Dungeon Overview and Level Annotations

Branches:
Dungeon (15/15)            Temple (1/1) D:5            Lair (8/8) D:8
  Swamp (4/4) Lair:5       Spider (4/4) Lair:5        Slime (0/6) Lair:6
    Orc (4/4) D:9             Elf (2/3) Orc:3        Vaults (0/5) D:14
 Depths (3/5) D:15

Altars:
Ashenzari
Cheibriados
Dithmenos
Elyvilon
Fedhas
Gozag
Kikubaaqudgha
Makhleb
Nemelex Xobeh
Okawaru
Qazlal
Ru
Sif Muna
Trog
Vehumet
Xom
Yredelemnul
Zin
The Shining One
Beogh

Shops:
D:4 (   D:9 *   D:10 *   Orc:3 (   Orc:4 ?(%*   Elf:2 ?(*=

Portals:
Hell: Depths:1 Depths:2
Abyss: Depths:1

Annotations:
D:4 Arkorax's ghost, amateur TrMo
D:7 exclusions: centaur and door, Crazy Yiuf
Lair:1 Urug
Lair:2 exclusion: oklob plant
Depths:3 exclusion: door


Innate Abilities, Weirdness & Mutations

You are resistant to torment.
Your stone body is resilient (AC +15).
You are immune to poison.
Your large and strong wings let you fly indefinitely.
You resist negative energy.
You are resistant to electric shocks.
You can survive without breathing.
You are immune to petrification.
You are immune to rotting.
You are frail (-10% HP).
Your magical capacity is low (-10% MP).


Message History

The white very ugly thing tentacle-slaps you but does no damage.
The cyan ugly thing claws you. The cyan ugly thing shocks you. You resist.
You block the deep troll's attack. The deep troll closely misses you.
The deep troll closely misses you.
You barely miss the deep troll.
The deep troll is moderately wounded.
The stone giant throws a large rock.
You block the large rock.
The purple ugly thing bites you but does no damage.
The stone giant throws a large rock.
The large rock hits you!
The yaktaur hits you but does no damage.
You block the cyan ugly thing's attack.
You block the white ugly thing's attack.
Drink which item? (? for menu, Esc to quit)
Okay, then.
Read which item? (? for menu, Esc to quit)
As you read the scroll of teleportation, it crumbles to dust.
You feel strangely unstable.
The white very ugly thing tentacle-slaps you!
The white very ugly thing freezes you!!!
You die...

#.......##......#.#
+.................#
#.......#........##
#########.......##
#≈≈≈§≈≈§#.).....#
#########.....#.###
##..........#
#......Tuu..#
###...C.@u..#
#.C...uuc......
#(.....(###.....
..C..###... .....
.....# #.... ....
....... ..... .. ..
.. ...T . ...


You could see a white very ugly thing, 3 stone giants, 4 ugly things, a deep
troll and a yaktaur shaped shifter.

Vanquished Creatures
  Mara (Depths:3)
  A juggernaut (Depths:1)
  the Lernaean hydra (Swamp:4)
  A profane servitor (Abyss:1)
  A bone dragon (Abyss:1)
  2 liches (Depths:3)
  Rupert (Orc:2)
  A quicksilver dragon (Abyss:1)
  The ghost of Kloppie the Fencer, an adept MiBe of Trog (Elf:1)
  An Executioner (Abyss:1)
  2 sphinxes (Depths:2)
  Gastronok (Orc:1)
  4 octopode crushers
  A thorn hunter (Swamp:4)
  Agnes (Spider:3)
  Kirke (D:15)
  A tengu reaver (Depths:3)
  7 tentacled starspawn (Abyss:1)
  2 orc warlords
  Donald (Swamp:3)
  Maud (Lair:8)
  A cacodemon (Abyss:1)
  Louise (Swamp:3)
  A frost giant (Depths:1)
  6 emperor scorpions
  A deep elf sorcerer (Elf:1)
  6 ghost moths
  A balrug (Depths:1)
  A spriggan defender (Depths:1)
  6 stone giants
  A draconian caller (Abyss:1)
  3 very ugly things
  A green draconian (Abyss:1)
  2 deep elf annihilators
  A vampire knight (Depths:1)
  4 ettins
  Snorg (Lair:8)
  A blizzard demon (Abyss:1)
  2 yaktaur captains
  A merfolk impaler (Depths:2)
  A deep elf death mage (Elf:2)
  5 fire dragons
  2 minotaurs (Depths:2)
  Josephine (D:11)
  2 vault guards (D:14)
  2 great orbs of eyes (Depths:2)
  4 entropy weavers
  2 spriggan air magi
  22 hydras
  5 ice dragons
  Erolcha (D:9)
  6 centaur warriors
  A ghost crab (Swamp:4)
  2 ogre magi (Depths:1)
  17 dancing weapons (Elf:2)
  2 deep troll shamans (Depths:3)
  10 alligators
  5 death yaks
  4 rakshasas
  2 tengu warriors (Depths:2)
  A vampire mage (Abyss:1)
  4 orc high priests (Orc:4)
  2 spriggan berserkers
  3 wizards (D:14)
  4 thrashing horrors (Abyss:1)
  12 deep elf knights
  A soul eater (Abyss:1)
  2 sun demons (Depths:1)
  4 wretched stars
  A quicksilver dragon simulacrum (Abyss:1)
  A storm dragon skeleton (Abyss:2)
  A spatial maelstrom (Abyss:1)
  2 flayed ghosts
  2 deep trolls (Depths:3)
  6 ice devils (IceCv)
  7 hill giants
  7 deep elf summoners
  3 spriggan druids
  2 giant orange brains
  2 necromancers
  3 shambling mangroves
  3 orc knights (Orc:4)
  5 orc sorcerers
  17 orb spiders
  A lindwurm (Lair:8)
  31 ugly things
  10 swamp dragons
  2 manticores
  3 cyclopes
  A griffon (Lair:8)
  5 hornets
  27 wolf spiders
  13 deep elf conjurers
  2 sixfirhies (Abyss:1)
  A salamander (shapeshifter) (D:15)
  3 worldbinders (Abyss:1)
  3 black mambas
  14 elephants
  A moth of wrath (Spider:3)
  An eye of devastation (Abyss:2)
  2 ice statues (IceCv)
  A gargoyle (D:14)
  2 torpor snails
  A hellion (Abyss:1)
  33 spiny frogs
  A kobold demonologist (D:14)
  4 smoke demons
  A spiny frog (shapeshifter) (Abyss:1)
  11 demonic crawlers
  10 komodo dragons
  18 yaktaurs
  A hellwing (Abyss:1)
  2 efreet
  21 jumping spiders
  3 fire drakes
  A tengu conjurer (Depths:2)
  A troll (shapeshifter) (Depths:2)
  A harpy zombie (Abyss:1)
  10 ancient zymes
  2 blue devils (IceCv)
  A freezing wraith (D:14)
  8 two-headed ogres
  11 giant leeches
  5 deep elf priests
  An anaconda simulacrum (IceCv)
  13 raiju
  11 slime creatures
  9 trolls
  7 bog bodies
  26 blink frogs
  A boulder beetle (Lair:8)
  A blink frog (shapeshifter) (Depths:2)
  4 shadows
  27 redbacks
  2 vampires
  7 wraiths
  19 trapdoor spiders
  10 water elementals
  11 flying skulls
  11 starcursed masses (Abyss:1)
  A dire elephant simulacrum (IceCv)
  2 wyverns
  7 hogs
  A spriggan (shapeshifter) (Elf:2)
  A fire elemental (Abyss:1)
  19 humans
  64 yaks
  2 ynoxinuls
  4 spriggans (Swamp:3)
  Eustachio (D:4)
  17 tarantellas
  4 basilisks
  A golden eye (Abyss:1)
  A hungry ghost (D:13)
  7 neqoxecs (Abyss:1)
  2 air elementals (Depths:2)
  5 fire bats (Abyss:1)
  2 steam dragons
  24 deep elf magi
  24 vampire mosquitoes
  12 hippogriffs
  A soldier ant (D:12)
  20 deep elf fighters
  2 mottled dragons
  9 wargs
  11 water moccasins
  15 large abominations
  20 swamp worms
  21 insubstantial wisps
  12 porcupines
  5 ice beasts
  5 iron troll simulacra (IceCv)
  A spatial vortex (Abyss:1)
  6 wolves (Lair:6)
  11 swamp drakes
  Duvessa (D:6)
  4 hell hounds (Abyss:1)
  55 orc warriors
  32 spiders
  2 hydra simulacra (IceCv)
  An ettin simulacrum (IceCv)
  6 sky beasts
  2 black bears
  An eye of draining (Abyss:2)
  33 ogres
  An eye of draining (shapeshifter) (Elf:2)
  26 centaurs
  7 phantoms
  6 big kobolds
  A necrophage (D:9)
  18 crocodiles
  17 wasps
  A brain worm (D:13)
  2 gnoll sergeants (D:9)
  40 giant frogs
  Dowan (D:6)
  7 scorpions
  3 wyvern skeletons
  7 wights
  9 electric eels
  10 killer bees
  7 hounds
  A centaur zombie (D:9)
  39 orc priests
  5 crimson imps
  18 jellies
  3 quasits
  11 iguanas
  Ijyb (D:3)
  5 giant frog skeletons
  29 orc wizards
  3 centaur skeletons
  2 gnoll shamans
  Terence (D:3)
  Natasha (thrice) (D:3)
  3 iron imps (Abyss:1)
  2 sirens (Sewer)
  27 sheep
  10 worker ants
  A merfolk avatar (Sewer)
  A killer bee zombie (D:9)
  15 small abominations
  A hound skeleton (D:7)
  54 gnolls
  2 worker ant zombies
  16 adders
  114 river rats
  5 shadow imps
  15 white imps
  3 oozes
  4 ufetubi
  4 worms
  5 adder skeletons
  3 adder zombies
  8 giant geckos
  195 orcs
  4 ball pythons
  8 bats
  7 giant cockroaches
  9 goblins
  9 hobgoblins
  18 jackals
  29 kobolds
  9 quokkas
  3 giant gecko skeletons
  9 giant newts
  32 rats
  4 briar patches (Swamp:4)
  3 fungi (Lair:8)
  A lurking horror (Abyss:2)
  3 starspawn tentacles (Abyss:1)
2091 creatures vanquished.

Vanquished Creatures (others)
  A deep elf knight (Elf:1)
  A spriggan druid (Swamp:4)
  A swamp dragon (Swamp:4)
  An orb spider (Spider:4)
  An anaconda simulacrum (Abyss:1)
  A jumping spider (Spider:3)
  2 spriggans (Swamp:4)
  A small abomination (Abyss:1)
  A large abomination (Abyss:1)
  A spider (Spider:4)
  A wasp (Swamp:4)
  A crimson imp (D:4)
  2 briar patches (Swamp:4)
  2 bushes (D:5)
  58 fungi
  A lurking horror (Abyss:1)
  80 plants
  12 starspawn tentacles (Abyss:1)
  64 starspawn tentacle segments (Abyss:1)
232 creatures vanquished.

Grand Total: 2323 creatures vanquished

Notes
Turn   | Place    | Note
--------------------------------------------------------------
     0 | D:1      | RKaid the Gargoyle Monk began the quest for the Orb.
     0 | D:1      | Reached XP level 1. HP: 14/14 MP: 1/1
   193 | D:1      | Reached XP level 2. HP: 20/20 MP: 2/2
   725 | D:2      | Reached XP level 3. HP: 19/24 MP: 3/3
   783 | D:2      | Reached skill level 1 in Maces & Flails
  1079 | D:2      | Found an iron altar of Okawaru.
  1132 | D:2      | Found a glowing golden altar of the Shining One.
  1137 | D:2      | Found a basalt altar of Yredelemnul.
  1139 | D:2      | Noticed a profane servitor
  1259 | D:2      | Found an opulent altar of Gozag.
  1397 | D:2      | Found a bloodstained altar of Trog.
  2233 | D:2      | Reached XP level 4. HP: 28/30 MP: 4/4
  2246 | D:2      | Noticed an angel
  2363 | D:3      | Noticed Ijyb
  2384 | D:3      | Killed Ijyb
  2384 | D:3      | Reached skill level 5 in Fighting
  2444 | D:3      | Found a deep blue altar of Sif Muna.
  2574 | D:3      | Found a glowing drain.
  2599 | Sewer    | Entered a sewer
  2820 | Sewer    | Identified a +0 rod of inaccuracy (12/12) (You found it on level 2 of the Dungeon)
  2837 | Sewer    | Reached XP level 5. HP: 29/35 MP: 5/5
  3389 | Sewer    | Noticed a drowned soul
  3391 | Sewer    | Noticed a drowned soul
  3391 | Sewer    | Noticed a drowned soul
  3392 | Sewer    | Noticed a drowned soul
  3394 | Sewer    | Noticed a drowned soul
  3397 | Sewer    | Noticed a drowned soul
  3399 | Sewer    | Noticed a drowned soul
  3401 | Sewer    | Noticed a drowned soul
  3402 | Sewer    | Noticed a drowned soul
  3403 | Sewer    | Noticed a drowned soul
  3679 | Sewer    | Reached XP level 6. HP: 19/41 MP: 6/6
  4010 | D:3      | Noticed Natasha
  4031 | D:3      | Killed Natasha
  4031 | D:3      | Reached skill level 6 in Fighting
  4909 | D:3      | Noticed Terence
  4930 | D:3      | Killed Terence
  5078 | D:3      | Noticed Natasha
  5085 | D:3      | Killed Natasha
  5244 | D:3      | Reached XP level 7. HP: 10/47 MP: 7/7
  5367 | D:3      | Found a roughly hewn altar of Beogh.
  5630 | D:3      | Noticed Natasha
  5643 | D:3      | Killed Natasha
  6183 | D:4      | Reached skill level 7 in Fighting
  6381 | D:4      | Reached skill level 5 in Maces & Flails
  6483 | D:4      | Noticed Arkorax's ghost (amateur TrMo)
  6504 | D:4      | HP: 1/48 [scorpion (2)]
  6592 | D:4      | You fall through a shaft for 2 floors!
  6698 | D:6      | Noticed Duvessa
  6730 | D:5      | Entered Level 5 of the Dungeon
  6844 | D:5      | Reached XP level 8. HP: 40/54 MP: 8/8
  7077 | D:4      | Noticed Eustachio
  7140 | D:5      | Found a sacrificial altar of Ru.
  7913 | D:3      | Reached skill level 1 in Armour
  8095 | D:4      | Killed Eustachio
  8298 | D:4      | Found a burning altar of Makhleb.
  8532 | D:4      | Found a shimmering altar of Xom.
  8591 | D:4      | Found Ydammoep's Antique Weapon Shoppe.
  9194 | D:5      | Found a staircase to the Ecumenical Temple.
  9203 | Temple   | Entered the Ecumenical Temple
  9228 | Temple   | Became a worshipper of Cheibriados the Contemplative
  9228 | Temple   | Reached * piety under Cheibriados
  9228 | Temple   | Reached ** piety under Cheibriados
  9320 | D:5      | Reached skill level 8 in Maces & Flails
  9320 | D:5      | Reached XP level 9. HP: 59/59 MP: 9/9
  9348 | D:5      | Learned a level 1 spell: Apportation
  9350 | D:5      | Learned a level 1 spell: Summon Butterflies
  9785 | D:5      | Reached *** piety under Cheibriados
  9796 | D:5      | Reached skill level 9 in Maces & Flails
 10322 | D:5      | Reached **** piety under Cheibriados
 10526 | D:5      | Found a white marble altar of Elyvilon.
 10868 | D:6      | Reached skill level 10 in Maces & Flails
 11095 | D:6      | Noticed Dowan
 11109 | D:6      | Killed Duvessa
 11112 | D:6      | Killed Dowan
 11112 | D:6      | Reached skill level 1 in Summonings
 11112 | D:6      | Reached skill level 1 in Translocations
 11163 | D:6      | Reached skill level 1 in Spellcasting
 11304 | D:6      | Reached ***** piety under Cheibriados
 11909 | D:7      | Reached XP level 10. HP: 58/64 MP: 13/13
 12113 | D:7      | Found a blossoming altar of Fedhas.
 12201 | D:7      | Noticed Crazy Yiuf
 12325 | D:8      | Found a staircase to the Lair.
 13138 | D:8      | Got a twisted falchion
 13304 | D:8      | Reached skill level 11 in Maces & Flails
 14210 | Lair:1   | Entered Level 1 of the Lair of Beasts
 14351 | Lair:1   | Noticed Urug
 14424 | Lair:1   | Reached ****** piety under Cheibriados
 14487 | Lair:1   | Reached skill level 10 in Fighting
 14617 | Lair:1   | Reached skill level 1 in Shields
 14639 | Lair:1   | Noticed a six-headed hydra
 14645 | Lair:1   | Killed a six-headed hydra
 14645 | Lair:1   | Reached XP level 11. HP: 59/72 MP: 14/14
 14987 | Lair:2   | Gained mutation: You are partially covered in yellow scales (AC +2). [potion of beneficial mutation]
 14993 | Lair:2   | Gained mutation: You have a pair of small horns on your head. [potion of beneficial mutation]
 15327 | Lair:2   | Reached skill level 12 in Maces & Flails
 16006 | Lair:2   | Reached skill level 5 in Shields
 16776 | Lair:3   | Learned a level 1 spell: Magic Dart
 16801 | Lair:3   | Reached skill level 13 in Maces & Flails
 17314 | Lair:4   | Reached skill level 1 in Conjurations
 17347 | Lair:4   | Reached XP level 12. HP: 68/77 MP: 15/15
 17722 | Lair:4   | Reached skill level 14 in Maces & Flails
 17922 | Lair:5   | Reached skill level 5 in Armour
 18076 | Lair:5   | Found a hole to the Spider Nest.
 18136 | Lair:5   | Noticed a death yak
 18150 | Lair:5   | Killed a death yak
 18525 | Lair:5   | Found a staircase to the Swamp.
 19275 | Lair:6   | Noticed an eight-headed hydra
 19288 | Lair:6   | Killed an eight-headed hydra
 19300 | Lair:6   | Reached skill level 10 in Armour
 19304 | Lair:6   | Reached skill level 1 in Invocations
 19493 | Lair:6   | Reached XP level 13. HP: 74/82 MP: 16/16
 19654 | Lair:6   | Found a staircase to the Slime Pits.
 19821 | Lair:6   | Reached skill level 5 in Invocations
 21178 | Lair:7   | Got a slimy ring mail
 21189 | Lair:7   | Identified the cursed +0 ring mail of Defence {rElec rCorr} (You found it on level 7 of the Lair of Beasts)
 21675 | Lair:8   | Entered Level 8 of the Lair of Beasts
 21706 | Lair:8   | Noticed Maud
 21721 | Lair:8   | Killed Maud
 21941 | Lair:8   | Noticed Snorg
 21963 | Lair:8   | Killed Snorg
 22168 | Lair:8   | Gained mutation: Your large and strong wings let you fly indefinitely. [Gargoyle growth]
 22168 | Lair:8   | Reached XP level 14. HP: 70/88 MP: 20/20
 22241 | Lair:8   | Upgraded the game from 0.17-b1-33-gd9cf236 to 0.17.0
 23120 | Lair:8   | Reached skill level 10 in Invocations
 24688 | D:9      | Found Xovvaaga's General Store.
 24730 | D:9      | Found a shadowy altar of Dithmenos.
 24795 | D:9      | Noticed Erolcha
 24802 | D:9      | Killed Erolcha
 24865 | D:9      | Found a staircase to the Orcish Mines.
 25468 | D:10     | Entered Level 10 of the Dungeon
 25481 | D:10     | Identified a scroll of acquirement
 25594 | D:10     | Found a glowing silver altar of Zin.
 25607 | D:10     | Identified the Almanac of Boosts and the Birds
 25633 | D:10     | Learned a level 2 spell: Repel Missiles
 25644 | D:10     | Learned a level 2 spell: Shroud of Golubria
 25744 | D:10     | Got a smoking quarterstaff
 25931 | D:10     | Found Dirraef's Assorted Antiques.
 25960 | D:10     | Bought a scroll of identify for 70 gold pieces
 26104 | D:10     | You are sucked into a shaft!
 26340 | D:11     | Noticed Josephine
 26347 | D:11     | Killed Josephine
 26861 | D:12     | Reached skill level 1 in Charms
 27059 | D:12     | Reached XP level 15. HP: 93/93 MP: 22/22
 27664 | D:13     | Reached skill level 1 in Throwing
 28018 | D:13     | Found a basalt altar of Yredelemnul.
 28326 | D:14     | Found a gateway to a bazaar.
 28335 | Bazaar   | Entered a bazaar
 28358 | Bazaar   | Found Meifrips's General Store.
 28368 | Bazaar   | Found Nifriu's Food Shop.
 28390 | Bazaar   | Found Ecaosueg's General Store.
 28408 | Bazaar   | Found Dubbi's Book Shoppe.
 28437 | Bazaar   | Found Uqemmir's Jewellery Shop.
 28462 | Bazaar   | Bought an uncursed amulet of regeneration for 300 gold pieces
 28519 | Bazaar   | Bought a scroll of enchant weapon for 67 gold pieces
 28519 | Bazaar   | Bought a potion of heal wounds for 45 gold pieces
 28519 | Bazaar   | Bought a scroll of identify for 18 gold pieces
 28539 | Bazaar   | Bought a scroll of identify for 32 gold pieces
 28729 | D:14     | Cast into the Abyss (a wizard)
 28770 | Abyss:1  | Noticed a tentacled starspawn
 28779 | Abyss:1  | Killed a tentacled starspawn
 28919 | Abyss:1  | Gained mutation: You tend to lose your temper in combat. [a neqoxec]
 28985 | Abyss:1  | Identified the +5 quarterstaff of the Boiling Point {flame, Dex+7} (You found it on level 10 of the Dungeon)
 29002 | Abyss:1  | Noticed a tentacled starspawn
 29011 | Abyss:1  | Killed a tentacled starspawn
 29018 | D:14     | Escaped the Abyss
 29495 | D:14     | Found a gate to the Vaults.
 29780 | Orc:1    | Entered Level 1 of the Orcish Mines
 29895 | Orc:2    | Noticed Rupert
 29921 | Orc:2    | Killed Rupert
 30173 | Orc:1    | Noticed Gastronok
 30187 | Orc:1    | Killed Gastronok
 30367 | Orc:1    | Reached skill level 15 in Maces & Flails
 30630 | Orc:3    | Found Syuluum's Weapon Emporium.
 30646 | Orc:3    | Bought a +0 hand crossbow of flaming for 99 gold pieces
 30684 | Orc:3    | Found a staircase to the Elven Halls.
 31447 | Orc:2    | Found a bloodstained altar of Trog.
 31631 | Orc:4    | Entered Level 4 of the Orcish Mines
 31681 | Orc:4    | Reached skill level 1 in Crossbows
 31932 | Orc:4    | Found a roughly hewn altar of Beogh.
 31948 | Orc:4    | Found Wunoakie's Magic Scroll Emporium.
 32002 | Orc:4    | Found Hocee's Weapon Shoppe.
 32575 | Orc:4    | Reached XP level 16. HP: 103/103 MP: 23/23
 33086 | Orc:4    | Paralysed by an orc sorcerer for 4 turns
 33163 | Orc:4    | Reached skill level 16 in Maces & Flails
 33286 | Orc:4    | Found Fieloloc's Assorted Antiques.
 33418 | Orc:4    | Found a roughly hewn altar of Beogh.
 33439 | Orc:4    | Found Folizuch's Food Shop.
 33547 | Orc:4    | Bought a scroll of blinking for 120 gold pieces
 33807 | Spider:1 | Entered Level 1 of the Spider Nest
 35146 | Spider:2 | Found a frozen archway.
 35171 | IceCv    | Entered an ice cave
 35391 | IceCv    | Reached skill level 5 in Crossbows
 35759 | IceCv    | Noticed an Ice Fiend
 36000 | IceCv    | Got a transparent plate armour
 36186 | Spider:2 | Identified the cursed +0 plate armour of the Armoured One {Str+4} (You found it in an ice cave)
 37484 | Lair:1   | Gained mutation: Your body sometimes deteriorates upon taking damage. [potion of mutation]
 37484 | Lair:1   | Gained mutation: You evolve. [potion of mutation]
 37485 | Lair:1   | Lost mutation: You have a pair of small horns on your head. [potion of cure mutation]
 37485 | Lair:1   | Lost mutation: You evolve. [potion of cure mutation]
 37485 | Lair:1   | Lost mutation: Your body sometimes deteriorates upon taking damage. [potion of cure mutation]
 37485 | Lair:1   | Lost mutation: You tend to lose your temper in combat. [potion of cure mutation]
 37485 | Lair:1   | Lost mutation: You are partially covered in yellow scales (AC +2). [potion of cure mutation]
 37503 | Lair:1   | Learned a level 3 spell: Regeneration
 37823 | Spider:3 | Noticed Agnes
 37833 | Spider:3 | Killed Agnes
 37990 | Spider:3 | Reached skill level 15 in Armour
 38225 | Spider:3 | Reached XP level 17. HP: 111/111 MP: 24/24
 38652 | Spider:3 | Got a jewelled leather armour
 38653 | Spider:3 | Identified the cursed +1 leather armour of Diruluig {rPois} (You found it on level 3 of the Spider Nest)
 38737 | Spider:4 | Entered Level 4 of the Spider Nest
 39033 | Swamp:1  | Entered Level 1 of the Swamp
 39703 | Swamp:1  | Reached skill level 5 in Spellcasting
 39911 | Swamp:2  | Got a faintly glowing robe
 39912 | Swamp:2  | Identified the +0 robe "Waodiohu" {-Cast rElec rF+ MR+} (You found it on level 2 of the Swamp)
 40730 | Swamp:3  | Noticed Donald
 40751 | Swamp:3  | Killed Donald
 40775 | Swamp:3  | Got a dazzling shield
 40817 | Swamp:2  | Identified the +5 shield "Goisee" {Dex+3} (You took it off Donald on level 3 of the Swamp)
 41196 | Swamp:3  | Got an iridescent scythe
 41219 | Swamp:3  | Noticed Louise
 41439 | Swamp:3  | Killed Louise
 41720 | Lair:1   | Identified the +3 scythe "Ogre's Foe" {pain, Int+4} (You found it on level 3 of the Swamp)
 42518 | Spider:4 | Reached XP level 18. HP: 82/117 MP: 0/26
 42521 | Spider:4 | Reached skill level 10 in Crossbows
 42884 | Spider:4 | Got a gossamer rune of Zot
 43030 | Spider:4 | Reached skill level 10 in Shields
 43571 | D:15     | Entered Level 15 of the Dungeon
 43592 | D:15     | Noticed Kirke
 43601 | D:15     | Killed Kirke
 44074 | D:15     | Found a staircase to the Depths.
 44776 | Swamp:4  | Entered Level 4 of the Swamp
 45556 | Swamp:4  | Reached skill level 17 in Armour
 45559 | Swamp:4  | Noticed the 27-headed Lernaean hydra
 45687 | Swamp:4  | Reached XP level 19. HP: 81/122 MP: 27/27
 45702 | Swamp:4  | Gained mutation: You are weak. (Str -2) [mutagenic glow]
 46360 | Elf:1    | Entered Level 1 of the Elven Halls
 46456 | Elf:1    | Noticed Kloppie's ghost (adept MiBe)
 46474 | Elf:1    | Killed Kloppie's ghost
 47058 | Elf:1    | Identified the Handbook of Lethal Companions
 47079 | Elf:1    | Cast into the Abyss (a deep elf sorcerer)
 47307 | Abyss:1  | Noticed a profane servitor
 47364 | Abyss:1  | Killed a profane servitor
 47375 | Abyss:1  | Noticed a bone dragon
 47397 | Abyss:1  | Killed a bone dragon
 47547 | Abyss:1  | Reached skill level 15 in Shields
 48012 | Abyss:1  | Reached skill level 1 in Necromancy
 48014 | Abyss:1  | Reached skill level 1 in Air Magic
 48229 | Abyss:1  | Found a shimmering altar of Xom.
 48333 | Abyss:1  | Gained mutation: You expend magic power (3 MP) to strengthen your wands. [a neqoxec]
 48335 | Abyss:1  | Gained mutation: You tend to lose your temper in combat. [a neqoxec]
 48336 | Abyss:1  | Gained mutation: Your magical capacity is low (-10% MP). [a neqoxec]
 48384 | Elf:1    | Escaped the Abyss
 48751 | Elf:1    | Found an ancient bone altar of Kikubaaqudgha.
 48951 | Lair:1   | Lost mutation: You tend to lose your temper in combat. [potion of cure mutation]
 48951 | Lair:1   | Lost mutation: You are weak. (Str -2) [potion of cure mutation]
 48951 | Lair:1   | Lost mutation: You expend magic power (3 MP) to strengthen your wands. [potion of cure mutation]
 49119 | D:3      | Identified Sif Muna's Handbook of Attacks
 49430 | Elf:2    | Found Qeacs's Magic Scroll Shoppe.
 49488 | Elf:2    | Found Vohor's Weapon Shop.
 49701 | Elf:2    | Found a runed gate.
 49701 | Elf:2    | Found a runed gate.
 49702 | Elf:2    | Found a runed gate.
 49750 | Elf:2    | Found Liolaipp's Assorted Antiques.
 49785 | Elf:2    | Found Hitz's Jewellery Shoppe.
 49801 | Elf:2    | Bought the amulet of Manil {Regen+ Str+10} for 812 gold pieces
 49801 | Elf:2    | Bought the ring of Arrival {rPois AC+3 Int+2} for 509 gold pieces
 50223 | Elf:2    | Reached XP level 20. HP: 126/128 MP: 27/27
 50338 | Elf:2    | Reached skill level 15 in Fighting
 50704 | Lair:1   | Learned a level 5 spell: Phase Shift
 50896 | Depths:1 | Entered Level 1 of the Depths
 51124 | Depths:1 | Found a one-way gate to the infinite horrors of the Abyss.
 51239 | Depths:1 | Found a glowing golden altar of the Shining One.
 51386 | Depths:1 | Found a runed door.
 51391 | Depths:1 | Noticed a juggernaut
 51530 | Depths:1 | Killed a juggernaut
 51541 | Depths:1 | Reached skill level 5 in Translocations
 51712 | Depths:1 | Found a gateway to Hell.
 52274 | Depths:2 | Cast into the Abyss (minotaur)
 52485 | Abyss:1  | Got a distressingly furry plate armour
 52503 | Abyss:1  | Identified the +1 plate armour "Paimopab" {SInv} (You found it on level 1 of the Abyss)
 52563 | Abyss:1  | Found a radiant altar of Vehumet.
 52640 | Abyss:1  | Gained mutation: You are frail (-10% HP). [a neqoxec]
 52717 | Abyss:1  | Reached XP level 21. HP: 120/120 MP: 30/30
 53188 | Depths:2 | Escaped the Abyss
 53877 | Depths:2 | Identified a +2 pair of boots of running (You found it on level 2 of the Depths)
 53902 | Depths:2 | Got a pair of spiked gloves
 53913 | Depths:2 | Identified the +1 pair of gloves "Qegosm" {-Cast +Blink SInv} (You found it on level 2 of the Depths)
 54697 | Swamp:4  | Killed the 27-headed Lernaean hydra
 54771 | Swamp:4  | Got a decaying rune of Zot
 55069 | Lair:1   | Learned a level 3 spell: Gell's Gravitas
 55528 | Depths:3 | Noticed Mara
 55537 | Depths:3 | Noticed RKaid's illusion
 55547 | Depths:3 | Killed Mara
 55593 | Depths:3 | Mangled by a white very ugly thing

Action                   |  1- 3 |  4- 6 |  7- 9 | 10-12 | 13-15 | 16-18 | 19-21 || total
-------------------------+-------+-------+-------+-------+-------+-------+-------++-------
Melee: Unarmed           |   139 |   321 |       |       |       |       |       ||   460
       Mace              |       |    92 |   325 |       |       |       |       ||   417
       Flail             |       |       |   543 |   206 |       |       |       ||   749
       Morningstar       |       |       |       |   559 |  1909 |  1216 |       ||  3684
       Eveningstar       |       |       |       |       |       |   800 |  1515 ||  2315
 Fire: Hand crossbow     |       |       |       |       |       |   113 |    26 ||   139
Throw: Javelin           |       |       |       |       |    21 |    32 |    35 ||    88
 Cast: Apportation       |       |       |       |     2 |       |     1 |     1 ||     4
       Magic Dart        |       |       |       |       |    40 |       |    27 ||    67
       Repel Missiles    |       |       |       |       |     7 |     4 |     5 ||    16
       Summon Butterflie |       |       |       |       |     1 |       |       ||     1
       Shroud of Golubri |       |       |       |       |       |     1 |     4 ||     5
       Regeneration      |       |       |       |       |       |       |     4 ||     4
       Gell's Gravitas   |       |       |       |       |       |       |     3 ||     3
       Phase Shift       |       |       |       |       |       |       |     2 ||     2
Invok: Slouch            |       |       |       |       |     4 |     1 |     2 ||     7
       Temporal Distorti |       |       |       |       |     1 |       |     2 ||     3
       Step From Time    |       |       |       |       |       |     4 |       ||     4
       Bend Time         |       |       |       |       |       |     1 |       ||     1
 Abil: Fly               |       |       |       |       |     2 |     3 |     1 ||     6
       Stop Flying       |       |       |       |       |     1 |       |     1 ||     2
Evoke: Wand              |       |       |       |     2 |     3 |     4 |     5 ||    14
  Use: Scroll            |     1 |       |    17 |     8 |    15 |    24 |    17 ||    82
       Potion            |       |     2 |     7 |     3 |     2 |    12 |     3 ||    29
 Stab: Sleeping          |     5 |     8 |     8 |    12 |    12 |       |       ||    45
       Distracted        |     1 |     1 |     3 |     1 |     3 |     1 |       ||    10
       Invisible         |       |       |       |       |       |    11 |       ||    11
  Eat: Chunk             |     2 |     3 |    14 |     2 |     1 |       |       ||    22
       Beef jerky        |     1 |       |       |     1 |     2 |     2 |     3 ||     9
       Fruit             |       |     3 |     4 |     7 |       |       |     7 ||    21
       Meat ration       |       |     1 |       |       |       |       |       ||     1
       Pizza             |       |       |     1 |     2 |     9 |     2 |     1 ||    15
       Bread ration      |       |       |       |     1 |     4 |     8 |     2 ||    15
       Royal jelly       |       |       |       |     1 |     1 |     1 |     2 ||     5
